 Dungeon Crawl Stone Soup version 0.29-a0-872-g797fff5ad1 (webtiles) character file.

Game seed: 14564236167932262526

2255 spaghetti the Cruncher (level 9, -4/54 HPs)
             Began as a Tengu Necromancer on July 19, 2022.
             Killed from afar by Maggie (20 damage)
             ... with a bolt of fire
             ... on level 8 of the Dungeon.
             The game lasted 00:11:55 (8784 turns).

spaghetti the Cruncher (Tengu Necromancer)          Turns: 8784, Time: 00:11:55

Health: -4/54      AC:  3    Str:  7 (10) XL:     9   Next: 37%
Magic:  13/13      EV: 14    Int: 23 (26) God:
Gold:   348        SH:  0    Dex: 23 (26) Spells: 7/12 levels left

rFire   . . .      SeeInvis .   u - +7 quarterstaff of Wounding {vorpal, Str+2 Dex+5, staff}
rCold   + . .      Faith    .   (shield currently unavailable)
rNeg    + + .      Spirit   .   y - +0 leather armour of Nawael {rC+ rN++ Stlth+}
rPois   .          Reflect  .   (helmet restricted)
rElec   .          Harm     .   (no cloak)
rCorr   .          Rampage  .   (no gloves)
Will    .....                   (boots unavailable)
Stlth   +++.......              (no amulet)
HPRegen 0.18/turn               q - +6 ring of dexterity
MPRegen 0.13/turn               I - +6 ring of intelligence

@: mighty, flying quickly and evasively, mesmerised, quick
A: beak, talons 3, nimble flight
a: no special abilities


You were on level 8 of the Dungeon.
You visited 1 branch of the dungeon, and saw 8 of its levels.
You also visited: Sewer.

You collected 348 gold pieces.


Innate Abilities, Weirdness & Mutations

You have a beak for a mouth.
You have claws for feet.
Your magical nature lets you fly swiftly and evasively.


   Skills:
 + Level 5.1 Fighting
 - Level 9.3 Staves
 + Level 5.6 Armour
 - Level 2.1 Dodging
 - Level 2.0 Stealth
 - Level 2.0 Spellcasting
 - Level 6.5 Necromancy


You had 7 spell levels left.
You knew the following spells:

 Your Spells              Type           Power      Damage    Failure   Level
a - Necrotise             Necr           100%       1d9       1%          1
b - Animate Dead          Necr           32%        N/A       12%         4

Your spell library contained the following spells:

 Spells                   Type           Power      Damage    Failure   Level
 Vampiric Draining        Necr           32%        2d8       3%          3
 Sandblast                Erth           4%         2d4       19%         1
 Shock                    Conj/Air       8%         1d3       19%         1
 Passwall                 Tmut/Erth      1%         N/A       26%         2
 Agony                    Necr           32%        N/A       34%         5
 Conjure Flame            Conj/Fire      2%         6-21      47%         3
 Gell's Gravitas          Tloc           2%         N/A       47%         3
 Ignite Poison            Fire/Tmut/Pois 2%         N/A       47%         3
 Lesser Beckoning         Tloc           2%         N/A       47%         3
 Stone Arrow              Conj/Erth      4%         3d7       47%         3
 Swiftness                Air            2%         N/A       47%         3
 Teleport Other           Tloc           2%         N/A       47%         3
 Airstrike                Air            1%         0-2+      87%         4
 Sticky Flame             Conj/Fire      2%         2d3       87%         4

Inventory:

Hand Weapons
 f - a +1 dagger {short}
   (You took it off a kobold on level 1 of the Dungeon)
 u - the +7 quarterstaff of Wounding (weapon) {vorpal, Str+2 Dex+5, staff}
   (You found it on level 3 of the Dungeon)

   It inflicts extra damage upon your enemies.
   Str:       It affects your strength (+2).
   Dex:       It affects your dexterity (+5).
Missiles
 i - 44 stones {throwing}
 j - 3 boomerangs {throwing}
 l - 18 poisoned darts {throwing}
 n - 3 javelins {throwing}
 v - a curare-tipped dart {=fthrowing}
 K - 4 atropa-tipped darts {throwing}
Armour
 a - a +0 robe
 y - the +0 leather armour of Nawael (worn) {rC+ rN++ Stlth+}
   (You found it on level 4 of the Dungeon)

   rC:        It protects you from cold.
   rN:        It greatly protects you from negative energy.
   Stlth:     It makes you more stealthy.
Magical Staves
 E - a staff of conjuration {!a@e2staff}
   (You found it on level 5 of the Dungeon)
 H - a staff of poison {!astaff}
   (You found it on level 8 of the Dungeon)
Jewellery
 m - a ring of ice
   (You found it on level 2 of the Dungeon)
 q - a +6 ring of dexterity (left hand)
   (You found it on level 2 of the Dungeon)
 D - a ring of protection from cold
   (You found it on level 5 of the Dungeon)
 G - a ring of positive energy
   (You found it on level 5 of the Dungeon)
 I - a +6 ring of intelligence (right hand)
   (You found it on level 8 of the Dungeon)
Wands
 c - a wand of flame (7)
   (You found it on level 7 of the Dungeon)
Scrolls
 e - 2 scrolls of amnesia
 h - a scroll of identify {@r1}
 o - 2 scrolls of enchant weapon
 p - a scroll of blinking {!r}
 r - 2 scrolls of teleportation {@r4}
 w - a scroll of poison {unknown}
 F - 2 scrolls of enchant armour
 L - a scroll of fear {unknown}
Potions
 b - a potion of magic
 d - a potion of resistance
 g - 2 potions of brilliance
 k - 2 potions of degeneration {!q@e2}
 s - a potion of curing {@q1}
 z - a potion of haste {unknown}
 A - a potion of ambrosia {unknown}
 B - 2 potions of lignification {unknown}
 C - 2 potions of invisibility {unknown}
Miscellaneous
 J - a piece from Xom's chessboard (13/15)
   (You found it on level 8 of the Dungeon)

Dungeon Overview and Level Annotations

Branches:
Dungeon (8/15) Zot: 26633   Sewer (visited)
 Temple: D:4-7         Lair: D:8-11

Altars:
Gozag
Nemelex Xobeh
Okawaru
Qazlal
Ru
Sif Muna
Vehumet
Xom
Yredelemnul
Zin
The Shining One

Shops:
D:2 =

Annotations:
D:5 2 transporters, jimonade's ghost, novice GnTm
D:6 Menkaure
D:8 Maggie

### ### ##.#### ##..#
##..#..# ##....###
#......# ##........
####...## ####.........
#.......###..##........
#........##...Z@..<....
#.............[{.......
######........#....#...
##...#.........#...## #
#....................
#.....................#
#.....................#
..........#...##.##.###
.......#..#####......
####


You could see a friendly black bear zombie.


Message History

You add the spells Sandblast, Passwall and Stone Arrow to your library. 😎 HP[+34] MP[+11]
Your hp is fully restored (54).
Your mp is fully restored (13).
Found a stone staircase leading up.
Maggie the Vainglorious comes into view.
She is wielding the +9 lance "Wyrmbane" {slay drac, rPois rF+ rC+ AC+3}.
Okay, then.
Unknown command.
Aiming: Bolt of Light
Press: ? - help, Shift-Dir - straight line, f - you
Okay, then.
It was a potion of degeneration.
There was something very wrong with that liquid.
You feel weakened.
You feel dopey.
You feel clumsy.
Maggie shouts!
Maggie mumbles some strange words.
Maggie attempts to bespell you!
You are mesmerised by Maggie!
It was a potion of might.
You feel very mighty all of a sudden.
Aiming: Bolt of Light
Press: ? - help, Shift-Dir - straight line, f - you
Okay, then.
You make a move on Xom's chessboard...
Maggie resists with some effort.
Unknown command.
Unknown command.
That's the wrong kind of item! (Use * to select it.) Evoke which item? (* to show all) (? for menu, Esc to quit)
You make a move on Xom's chessboard...
Maggie flickers and vanishes!
Deactivating autopickup; reactivate with Ctrl-A.
That's the wrong kind of item! (Use * to select it.) Evoke which item? (* to show all) (? for menu, Esc to quit)
You can't see anything.
Try to make a move anyway?
Okay, then.
Aiming: Bolt of Light
Press: ? - help, Shift-Dir - straight line The now-empty wand crumbles to dust.
You don't have any such object.
Evoke which item? (* to show all) (? for menu, Esc to quit)
That's the wrong kind of item! (Use * to select it.) Evoke which item? (* to show all) (? for menu, Esc to quit)
That's the wrong kind of item! (Use * to select it.) Evoke which item? (* to show all) (? for menu, Esc to quit)
That's the wrong kind of item! (Use * to select it.) Evoke which item? (* to show all) (? for menu, Esc to quit)
That's the wrong kind of item! (Use * to select it.) Evoke which item? (* to show all) (? for menu, Esc to quit)
That's the wrong kind of item! (Use * to select it.) Evoke which item? (* to show all) (? for menu, Esc to quit)
(Key replay ran out of keys)
Okay, then.
Aiming: Throw Flame
Press: ? - help, Shift-Dir - straight line The puff of flame hits something.
Aiming: Throw Flame
Press: ? - help, Shift-Dir - straight line Something hits you. 😕 HP[-6]
You take 6 damage, and now have 48/54 hp.
Aiming: Throw Flame
Press: ? - help, Shift-Dir - straight line Something hits you! 😮 HP[-8]
You take 8 damage, and now have 40/54 hp.
Okay, then.
Something hits you!!
* * * LOW HITPOINT WARNING * * *
You see here a +0 robe. 😨 HP[-21]
You take 21 damage, and now have 19/54 hp.
MASSIVE DAMAGE!! (PAUSE) Really read
p - a scroll of blinking {!r}?
Blink to where?
Press: ? - help, Dir - move target You cannot blink away from Maggie!
Blink to where?
Press: ? - help, Dir - move target, f - you
Okay, then.
Something hits you!
* * * LOW HITPOINT WARNING * * *
😱 HP[-9]
You take 9 damage, and now have 10/54 hp.
You cannot move away from something!
Unknown command.
Okay, then.
Okay, then.
You feel better. Something hits you!
* * * LOW HITPOINT WARNING * * *
😱 HP[-7]
You take 7 damage, and now have 3/54 hp.
Okay, then.
You feel better. Something hits you.
* * * LOW HITPOINT WARNING * * *
You feel better.
Something completely misses you. 😱 HP[+7]
You regained 7 hp, and now have 10/54 hp.
You feel better.
You hear some strange, mumbled words.
A bolt of fire appears from out of thin air!
The bolt of fire hits you!!
You die...

Skill      XL: |  1  2  3  4  5  6  7  8  9 |
---------------+----------------------------+-----
Necromancy     | 5 6 |  6.5
Staves         | 2 4 6 7 8 9 |  9.3
Fighting       | 1 4 5 |  5.1
Armour         | 1 4 5 |  5.6
Dodging        | |  2.1
Stealth        | |  2.0
Spellcasting   | |  2.0

Action                   |  1- 3 |  4- 6 |  7- 9 || total
-------------------------+-------+-------+-------++-------
Melee: Dagger            |    14 |     2 |       ||    16
       Kick              |     3 |    10 |    18 ||    31
       Peck              |     2 |     5 |    17 ||    24
       Quarterstaff      |       |    49 |    75 ||   124
 Cast: Necrotise         |    70 |    42 |    75 ||   187
       Animate Dead      |       |       |     3 ||     3
Evoke: Wand              |       |     3 |     7 ||    10
       Piece from Xom's  |       |       |     2 ||     2
  Use: Potion            |       |     3 |    13 ||    16
       Scroll            |       |       |     6 ||     6
 Stab: Sleeping          |       |     5 |     5 ||    10
Armor: Robe              |     6 |    11 |       ||    17
       Leather armour    |       |       |    15 ||    15
Dodge: Dodged            |    22 |    48 |    93 ||   163

Levels and vault maps discovered:
D:1:      lightli_arrival_flooded_house, layout_loops_ring,
          chequers_decorated_corner, minmay_box_of_dots
D:2:      layout_rooms, corner_web_ring, nicolae_shop_unique_rings
D:3:      layout_loops_ring, shapermc_ecumenical_altar_totnotflames
D:4:      layout_basic, grunt_temple_overflow_holy_war, portal_sewer_entry_a
D:5:      layout_loops_ring, tgw_sif, gammafunk_ghost_mausoleum
D:6:      layout_gridville, nicolae_wu_jian_wuxing_cycle, old_standard_altar,
          mainiacjoe_overflow_alcove_2, minmay_temple_entry_fiery, serial_shops,
          shop_scrolls, grunt_ministairs_8, hangedman_decor_opposing,
          uniq_menkaure
D:7:      layout_basic, mainiacjoe_overflow_brackets, nicolae_vehumet_radiance,
          kennysheep_mini, gammafunk_temple_overflow_statue,
          nicolae_concentric_dashed_squares_mild
D:8:      layout_cave_pools, xom_butterflies, serial_shops,
          nicolae_lakefront_shop, serial_glass, glass_columns_b,
          glass_columns_c, uniq_maggie

Notes
Turn   | Place    | Note
-------+----------+-------------------------------------------
     0 | D:1      | spaghetti the Tengu Necromancer began the quest for the
                  | Orb.
     0 | D:1      | Reached XP level 1. HP: 10/10 MP: 4/4
     0 | D:1      | magus.rc [v1.9.6]
   182 | D:1      | You add the spells Conjure Flame, Ignite Poison and Sticky
                  | Flame to your library.
   309 | D:1      | Reached XP level 2. HP: 15/15 MP: 1/6
   378 | D:1      | Reached skill level 5 in Necromancy
   779 | D:1      | Reached XP level 3. HP: 19/19 MP: 2/7
  1554 | D:2      | Found Badages's One-of-a-Kind Rings.
  1579 | D:2      | Reached skill level 6 in Necromancy
  1677 | D:2      | Reached XP level 4. HP: 24/24 MP: 1/8
  1930 | D:2      | You pick up a book of Air and begin reading...
  1930 | D:2      | You add the spells Shock, Swiftness and Airstrike to your
                  | library.
  2107 | D:3      | Found a faded altar of an unknown god.
  2294 | D:3      | Learned a level 4 spell: Animate Dead
  2819 | D:3      | You pick up a book of Displacement and begin reading...
  2819 | D:3      | You add the spells Lesser Beckoning, Gell's Gravitas and
                  | Teleport Other to your library.
  2821 | D:3      | Identified the +7 quarterstaff of Wounding {vorpal, Str+2
                  | Dex+5}
  2963 | D:4      | Found a glowing drain.
  2973 | Sewer    | Entered a sewer
  3033 | Sewer    | Noticed a kobold brigand
  3038 | Sewer    | Killed a kobold brigand
  3039 | Sewer    | Reached skill level 2 in Staves
  3039 | Sewer    | Gained mutation: Your magical nature lets you fly swiftly
                  | and evasively. [Tengu growth]
  3039 | Sewer    | Reached XP level 5. HP: 13/28 MP: 9/9
  3324 | Sewer    | Reached skill level 3 in Staves
  3430 | Sewer    | Noticed a kobold brigand
  3435 | Sewer    | Killed a kobold brigand
  3436 | Sewer    | Reached skill level 4 in Staves
  3436 | Sewer    | Reached XP level 6. HP: 31/32 MP: 10/10
  3812 | D:4      | Reached skill level 5 in Staves
  4103 | D:4      | Found a glowing golden altar of the Shining One.
  4105 | D:4      | Noticed an angel
  4139 | D:4      | Found a basalt altar of Yredelemnul.
  4141 | D:4      | Noticed a profane servitor
  4177 | D:4      | Identified the +0 leather armour of Nawael {rC+ rN++
                  | Stlth+}
  4857 | D:5      | Entered Level 5 of the Dungeon
  4888 | D:5      | Reached skill level 6 in Staves
  4888 | D:5      | Reached XP level 7. HP: 28/36 MP: 7/11
  5013 | D:5      | Reached skill level 7 in Staves
  5460 | D:5      | Reached skill level 1 in Fighting
  5460 | D:5      | Reached skill level 1 in Armour
  5497 | D:5      | Reached XP level 8. HP: 41/43 MP: 12/12
  5567 | D:5      | Found a transporter.
  5569 | D:5      | Noticed jimonade's ghost (novice GnTm)
  5577 | D:5      | Reached skill level 2 in Armour
  5635 | D:5      | Reached skill level 2 in Fighting
  5637 | D:5      | HP: 7/44 [water moccasin (6)]
  5638 | D:5      | HP: 1/44 [water moccasin (4)]
  5988 | D:5      | Found a transporter.
  6140 | D:5      | Found a shimmering blue altar of Sif Muna.
  6229 | D:5      | Reached skill level 3 in Armour
  6296 | D:6      | Noticed Menkaure
  6334 | D:6      | Found a glowing silver altar of Zin.
  6375 | D:6      | Reached skill level 8 in Staves
  6481 | D:6      | Reached skill level 3 in Fighting
  6596 | D:6      | Found an opulent altar of Gozag.
  6841 | D:7      | Found a stormy altar of Qazlal.
  6848 | D:7      | HP: 11/46 [centaur/arrow (13)]
  7215 | D:7      | Found a sacrificial altar of Ru.
  7216 | D:7      | Found an iron altar of Okawaru.
  7236 | D:7      | HP: 10/46 [poisoned by a water moccasin]
  7237 | D:7      | Reached skill level 4 in Armour
  7240 | D:7      | HP: 3/72 [poisoned by a water moccasin]
  7241 | D:7      | HP: 1/48 [poisoned by a water moccasin]
  7542 | D:7      | Found a radiant altar of Vehumet.
  7554 | D:7      | Reached skill level 4 in Fighting
  7687 | D:7      | Found a sparkling altar of Nemelex Xobeh.
  7788 | D:7      | HP: 12/48 [steam dragon (7)]
  7793 | D:7      | HP: 4/48 [steam dragon] (10)]
  7795 | D:7      | Reached XP level 9. HP: 4/52 MP: 11/13
  8095 | D:7      | Reached skill level 5 in Armour
  8401 | D:8      | Found a shimmering altar of Xom.
  8424 | D:8      | Reached skill level 9 in Staves
  8490 | D:8      | Reached skill level 5 in Fighting
  8760 | D:8      | You pick up a book of Geomancy and begin reading...
  8760 | D:8      | You add the spells Sandblast, Passwall and Stone Arrow to
                  | your library.
  8770 | D:8      | Noticed Maggie
  8770 | D:8      | Maggie the Vainglorious comes into view. She is wielding
                  | the +9 lance "Wyrmbane" {slay drac, rPois rF+ rC+ AC+3}.
  8780 | D:8      | HP: 10/54 [something (9)]
  8781 | D:8      | HP: 3/54 [something (17)]
  8784 | D:8      | Killed from afar by Maggie

Vanquished Creatures
  A steam dragon (D:7)
  2 water moccasins
  2 black bears (D:8)
  2 ice beasts
  2 phantoms
  A centaur (D:5)
  2 kobold brigands (Sewer)
  2 bullfrogs
  A necrophage (D:5)
  5 scorpions
  A wight (D:7)
  A hound (D:5)
  3 orc priests
  An iguana (D:7)
  5 orc wizards
  A gnoll (D:1)
  7 adders
  A shadow imp (D:5)
  A white imp (D:5)
  3 dart slugs
  15 orcs
  11 endoplasms
  6 giant cockroaches
  6 goblins
  6 hobgoblins
  2 jackals (D:3)
  14 kobolds
  8 ball pythons
  14 bats
  A frilled lizard (Sewer)
  13 rats
140 creatures vanquished.

Vanquished Creatures (collateral kills)
  A water moccasin (D:5)
  A centaur (D:7)
  An endoplasm (D:1)
3 creatures vanquished.

Vanquished Creatures (others)
  3 orc zombies (D:5)
  2 plants (Sewer)
5 creatures vanquished.

Grand Total: 148 creatures vanquished

Table legend:
 A = Non-vault XP
 B = Vault XP
 C = Vault XP percentage of total XP
 D = Non-vault monster count
 E = Vault monster count
 F = Vault count percentage of total count
                 A         B        C        D         E       F
            +---------+---------+-------+---------+---------+-------
      Total |    2949 |     273 |   8.5 |     113 |      30 |  21.0
            +---------+---------+-------+---------+---------+-------
        D:1 |      49 |       7 |  12.5 |      20 |       4 |  16.7
        D:2 |      47 |       0 |   0.0 |      21 |       0 |   0.0
        D:3 |      31 |       0 |   0.0 |      17 |       0 |   0.0
        D:4 |     238 |       3 |   1.2 |       9 |       3 |  25.0
        D:5 |     933 |      36 |   3.7 |      22 |       1 |   4.3
        D:6 |     191 |       0 |   0.0 |       4 |       0 |   0.0
        D:7 |     868 |       0 |   0.0 |      11 |       0 |   0.0
        D:8 |     592 |       0 |   0.0 |       9 |       0 |   0.0
      Sewer |       0 |     227 | 100.0 |       0 |      22 | 100.0
            +---------+---------+-------+---------+---------+-------

Illustrated notes

Table legend:
 A = Kills in this place as a percentage of kills in entire the game.
 B = Kills by you in this place as a percentage of kills by you in the entire game.
 C = Kills by friends in this place as a percentage of kills by friends in the entire game.
 D = Other kills in this place as a percentage of other kills in the entire game.
 E = Experience gained in this place as a percentage of experience gained in the entire game.
 F = Experience gained in this place divided by the number of levels of this place that you have seen.
                   A       B       C       D       E      F
               +-------+-------+-------+-------+-------+----------------------
         Total | 100.0 | 100.0 | 100.0 |   N/A | 100.0 | 358.0
       Dungeon |  84.6 |  84.3 | 100.0 |   N/A |  93.0 | 374.4
         Sewer |  15.4 |  15.7 |   0.0 |   N/A |   7.0 | 227.0
               +-------+-------+-------+-------+-------+----------------------

Table legend: (Time is in decaauts)
 A = Elapsed time spent in this place.
 B = Non-inter-level travel time spent in this place.
 C = Inter-level travel time spent in this place.
 D = Time resting spent in this place.
 E = Time spent auto-exploring this place.
 F = Levels seen in this place.
 G = Mean time per level.
                   A        B        C        D        E       F      G
               +--------+--------+--------+--------+--------+-----+--------+
         Total |   8525 |   8304 |    221 |    958 |   6478 |   9 |  947.2 |
       Dungeon |   8028 |   7807 |    221 |    817 |   6218 |   8 | 1003.5 |
         Sewer |    496 |    496 |      0 |    140 |    260 |   1 |  496.0 |
               +--------+--------+--------+--------+--------+-----+--------+

Top non-repeatable levels by time:
     D:7: 1646 daAuts
     D:4: 1396 daAuts
     D:5: 1391 daAuts
     D:1: 1244 daAuts
     D:3: 902 daAuts
     D:2: 722 daAuts
   Sewer: 496 daAuts
     D:8: 365 daAuts
     D:6: 360 daAuts
